 Dungeon Crawl Stone Soup version 0.16.0-12-g7215832 (webtiles) character file.

53 JustSomeDude the Skirmisher (level 3, -2/30 HPs)
             Began as a Demonspawn Abyssal Knight on Mar 18, 2015.
             Was a Follower of Lugonu.
             Slain by an adder (5 damage)
             ... on level 2 of the Dungeon.
             The game lasted 00:13:42 (1297 turns).

JustSomeDude the Skirmisher (DsAK)                  Turns: 1297, Time: 00:13:42

Health: -2/30      AC:  3    Str: 13    XL:     3   Next: 64%
Magic:  4/4        EV: 11    Int: 13    God:    Lugonu [*.....]
Gold:   86         SH:  0    Dex: 12    Spells: 0 memorised, 2 levels left

rFire  . . .     SeeInvis .     a - +1 falchion
rCold  . . .     Clarity  .     b - +0 leather armour
rNeg   . . .     SustAb   .     (no shield)
rPois  .         Gourm    .     (no helmet)
rElec  .         Spirit   .     (no cloak)
rCorr  .         Warding  .     (no gloves)
rMut   .         Stasis   .     (no boots)
MR     .....                    (no amulet)
Stlth  +.........               (no ring)
                                (no ring)

@: lethally poisoned (-2 -> -3), not resistant to hostile enchantments, very
unstealthy
A: talons 1
a: Depart the Abyss, Renounce Religion


You were on level 2 of the Dungeon.
You worshipped Lugonu.
Lugonu was aware of your devotion.
You were hungry.

You visited 1 branch of the dungeon, and saw 3 of its levels.
You visited the Abyss 1 time.

You collected 86 gold pieces.

Inventory:

Hand weapons
 a - a +1 falchion (weapon)
 n - a +1 vampiric short sword
Missiles
 d - 12 poisoned bolts
 h - 6 javelins (quivered)
 o - 24 bolts
Armour
 b - a +0 leather armour (worn)
 f - a +0 chain mail
 g - a +1 pair of boots
 i - a +0 robe
 j - a +0 leather armour
Scrolls
 p - a scroll of teleportation {unknown}
 t - a scroll of enchant armour {unknown}
Potions
 l - a potion of cure mutation {unknown}
Comestibles
 c - 2 bread rations
 m - a slice of pizza
 r - a beef jerky
 s - a meat ration


   Skills:
 + Level 3.7 Fighting
 * Level 0.3(1.3) Short Blades
 + Level 2.1(2.2) Long Blades
 + Level 2.2 Armour
 + Level 1.1 Dodging
 + Level 2.9 Invocations


You had 2 spell levels left.
You didn't know any spells.

Dungeon Overview and Level Annotations

Branches:
Dungeon (3/15)

Altars:


Innate Abilities, Weirdness & Mutations

You have sharp toenails.


Message History

* * * LOW HITPOINT WARNING * * *
Read which item? (? for menu, Esc to quit)
As you read the scroll of immolation, it crumbles to dust.
The creatures around you are filled with an inner flame!
You feel sick. The adder barely misses you. The adder closely misses you.
You feel sick. The adder bites you but does no damage.
There is a stone staircase leading down here.
The adder closely misses you.
You climb downwards.
There is a stone staircase leading up here.
You can't go down here!
You are feeling hungry.
You feel sick. The adder closely misses you.
You climb upwards.
There is a stone staircase leading down here.
You can't go up here!
The adder bites you.
You die...

#.# *<,...,,*###..!###*,,,* #.##
*,....,,*####.####,,,,*
##..####.....,,#####'#####,,,****
..........#.####.........#*,*,,,*
#####.##[................##.*,,,*
####....##.####............,,,,*
##รท....####.# #.........#..*,,,*
#..##.## #.####.........#.#*****
..###.#####.##..@........#(# ###
#..#.........S.......#.# #
##...................#.# ##
#...................#.# .#
##..................#..#
.#**#..................##.##
..##..#...........#######.# ****
#....##...#.###..## #....####...
###..#....#.# ##.#***#...........


You could see an adder (inner flame).

Vanquished Creatures
  2 adders (D:2)
  A worm (D:2)
  2 bats (D:1)
  A giant cockroach (D:2)
  2 hobgoblins (D:1)
  3 jackals (D:1)
  4 giant newts
  2 goblins (D:1)
  8 kobolds (D:1)
  7 rats
32 creatures vanquished.

Notes
Turn   | Place    | Note
--------------------------------------------------------------
     0 | Abyss:1  | JustSomeDude, the Demonspawn Abyssal Knight, began the quest for the Orb.
     0 | Abyss:1  | Reached XP level 1. HP: 18/18 MP: 1/1
    86 | Abyss:1  | Noticed a thrashing horror
    89 | Abyss:1  | Noticed a chaos spawn
    89 | D:1      | Escaped the Abyss
   391 | D:1      | Acquired Lugonu's first power
   696 | D:1      | Gained mutation: You have sharp toenails. [demonic ancestry]
   696 | D:1      | Reached XP level 2. HP: 21/24 MP: 2/2
   755 | D:1      | Reached skill level 1 in Dodging
  1157 | D:2      | Reached XP level 3. HP: 29/29 MP: 4/4
  1297 | D:2      | Slain by an adder

Action                   || total
-------------------------++-------
Melee: Falchion          ||    73
Throw: Javelin           ||    18
Invok: Depart the Abyss  ||     1
  Use: Scroll            ||     4
  Eat: Chunk             ||     1
